 Dungeon Sprint DCSS version 0.17-a0-1570-g74b7129 (webtiles) character file.

7868 1100001001 the Warrior (level 11, 0/120 (121) HPs)
             Began as a Hill Orc Fighter on July 23, 2015.
             Was a High Priest of Makhleb.
             Killed from afar by a fire dragon (39 damage)
             ... with a blast of flame
             ... in the Dungeon (Sprint V: "Ziggurat Sprint").
             The game lasted 00:10:32 (1538 turns).

1100001001 the Warrior (Hill Orc Fighter)           Turns: 1538, Time: 00:10:36

HP:   0/120 (121)   AC: 12    Str: 26    XL:     11   Next: 22%
MP:   23/23         EV:  8    Int:  8    God:    Makhleb [*****.]
Gold: 0             SH: 10    Dex: 17    Spells: 1 memorised, 1 level left

rFire  . . .     SeeInvis .     a - +0 war axe
rCold  . . .     Clarity  .     I - quicksilver dragon armour
rNeg   . . .     SustAt   .     c - +0 shield
rPois  .         Gourm    .     (no helmet)
rElec  .         Spirit   .     K - +0 cloak
rCorr  .         Warding  .     (no gloves)
rMut   .         NoTele   +     L - +1 pair of boots {Fly}
MR     +....                    (no amulet)
Stlth  +.........               B - +6 ring of strength
                                A - +6 ring of dexterity

@: lethally poisoned (0 -> -23), flying, slowed, very slow, somewhat resistant
to hostile enchantments, very unstealthy
A: deformed body, weak 1
a: Minor Destruction, Lesser Servant of Makhleb, Major Destruction, Greater
Servant of Makhleb, Renounce Religion, Stop Flying


You were in the Dungeon.
You worshipped Makhleb.
Makhleb was extremely pleased with you.
You were not hungry.

You visited 1 branch


Innate Abilities, Weirdness & Mutations

Armour fits poorly on your strangely shaped body.
You are weak. (Str -2)


   Skills:
 + Level 18.7 Fighting
 - Level 12.4 Axes
 - Level 9.0 Armour
 - Level 3.2 Shields
 + Level 7.9 Air Magic
 - Level 17.0 Invocations


You had one spell level left.
You knew the following spells:

 Your Spells              Type           Power        Failure   Level  Hunger
a - Tornado               Air            ##........   100%        9    #######

Inventory:

Hand weapons
 a - a +0 war axe (weapon)
Armour
 b - a +0 scale mail
 c - a +0 shield (worn)
 I - a quicksilver dragon armour (worn)
 K - a +0 cloak (worn)
 L - a +1 pair of boots of flying (worn)
Magical staves
 G - an uncursed staff of energy {!a}
Rods
 o - a +8 rod of shadows (12/12) {!a}
Jewellery
 A - a +6 ring of dexterity (left hand)
 B - a +6 ring of strength (right hand)
Magical devices
 C - a wand of disintegration (7)
 D - a wand of fire (5)
 E - a wand of cold (2)
 F - a wand of draining (5)
Scrolls
 k - 2 scrolls of blinking
 q - 4 scrolls of amnesia
 r - 3 scrolls of recharging
 s - 7 scrolls of fog
 t - a scroll of holy word
 u - 5 scrolls of identify {@r1}
 v - 5 scrolls of remove curse
 w - 2 scrolls of fear
Potions
 d - 5 potions of might
 f - 11 potions of curing {@q1}
 g - 4 potions of heal wounds {@q2}
 h - 6 potions of haste {@q3}
 i - 7 potions of magic
 j - 3 potions of berserk rage {!q}
 l - 2 potions of brilliance
 m - 2 potions of invisibility
 n - 4 potions of resistance
 p - 5 potions of agility
Books
 J - a book of the Tempests

   Spells                             Type                      Level
   a - Static Discharge               Conjuration/Air              3
   b - Lightning Bolt                 Conjuration/Air              5
   c - Fireball                       Conjuration/Fire             5
   d - Tornado                        Air                          9
   e - Shatter                        Earth                        9
Miscellaneous
 y - a disc of storms
 H - a crystal ball of energy
Comestibles
 e - 5 bread rations
 x - 3 meat rations
 z - 41 fruits

Dungeon Overview and Level Annotations

Branches:
Dungeon (1/1)

Altars:
Ashenzari
Cheibriados
Dithmenos
Elyvilon
Fedhas
Gozag
Kikubaaqudgha
Makhleb
Nemelex Xobeh
Okawaru
Qazlal
Ru
Sif Muna
Trog
Vehumet
Xom
Yredelemnul
Zin
The Shining One
Beogh
Jiyva
Lugonu

▓..)=)))..▓
▓..::"}:..▓)..[=))..▓
▓.........▓.........▓
▓....D....▓..).)....▓
▓...l.....▓.........▓
▓..D1Dl...▓...))....▓
▓..#lDl#..▓...).)...▓
▓.▓##12#▓.▓.....)...▓
▓...o###..▓▓▓▓▓▓▓▓▓▓▓
▓▓▓▓▓▓▓▓▓▓▓


You could see a fire dragon, an ice dragon, a death drake, a swamp dragon, 3
swamp drakes, a mottled dragon, a friendly green death and 2 friendly
Executioners.


Message History

You feel yourself slow down. The fire drake breathes flames at you.
The blast of flame hits your Executioner.
The blast of flame hits you!
* * * LOW HITPOINT WARNING * * *
You are engulfed in dark miasma.
You are more poisoned.
* * * LOW HITPOINT WARNING * * *
You feel very sick.
Your Executioner hits the fire drake but does no damage.
Your Executioner hits the fire drake. x2
Your Executioner hits the wyvern!! Your Executioner hits the wyvern.
Your Executioner hits the wyvern.
Your Executioner completely misses the fire drake. x3
Your Executioner hits the wyvern!
The wyvern dies!
Makhleb accepts your kill.
Your Executioner hits the fire drake!!
Your Executioner closely misses the fire drake.
Your Executioner hits the fire drake!
The fire drake dies!
Makhleb accepts your kill.
Your Executioner gestures at the fire dragon.
The death drake convulses in agony!
Your Executioner hits the death drake!!
Your Executioner closely misses the death drake.
Your Executioner barely misses the death drake.
The swamp drake bites your Executioner! The fire dragon breathes flames at you.
The blast of flame hits you!
You die...

Action                   |  1- 3 |  4- 6 |  7- 9 | 10-12 || total
-------------------------+-------+-------+-------+-------++-------
Melee: War axe           |    12 |    23 |    26 |    26 ||    87
Invok: Greater Servant o |       |       |     3 |     6 ||     9
       Major Destruction |       |       |     2 |       ||     2
Evoke: Wand              |       |       |       |     3 ||     3
  Use: Potion            |       |       |     6 |     2 ||     8
       Scroll            |       |       |       |     2 ||     2
 Stab: Distracted        |       |       |       |     1 ||     1
  Eat: Meat ration       |       |       |       |     1 ||     1
       Fruit             |       |       |       |     1 ||     1

Vault maps used:
D:        sprint_v

Notes
Turn   | Place    | Note
--------------------------------------------------------------
     0 | D        | 1100001001 the Hill Orc Fighter began the quest for the Orb.
     0 | D        | Reached XP level 1. HP: 19/19 MP: 1/1
     0 | D        | Found a roughly hewn altar of Beogh.
     0 | D        | Found a viscous altar of Jiyva.
     0 | D        | Found a corrupted altar of Lugonu.
     0 | D        | Found a white marble altar of Elyvilon.
     0 | D        | Found a sparkling altar of Nemelex Xobeh.
     1 | D        | Found a burning altar of Makhleb.
     1 | D        | Found an iron altar of Okawaru.
     1 | D        | Found a deep blue altar of Sif Muna.
     1 | D        | Found a radiant altar of Vehumet.
     1 | D        | Found a bloodstained altar of Trog.
     1 | D        | Found a shimmering altar of Xom.
    22 | D        | Became a worshipper of Makhleb the Destroyer
    45 | D        | Entered arena 1.
    45 | D        | Noticed a wight
    45 | D        | Noticed a wight
    55 | D        | Killed a wight
    55 | D        | Reached skill level 9 in Axes
    55 | D        | Reached XP level 2. HP: 6/26 MP: 2/2
    55 | D        | Reached XP level 3. HP: 7/31 MP: 3/3
    58 | D        | Killed a wight
    58 | D        | Reached skill level 11 in Axes
    58 | D        | Reached XP level 4. HP: 5/39 MP: 4/4
   334 | D        | Identified a quicksilver dragon armour (You found it in the Dungeon)
   342 | D        | Entered arena 2.
   342 | D        | Noticed an iron imp
   346 | D        | Acquired Makhleb's first power
   347 | D        | Killed an iron imp
   347 | D        | Reached skill level 12 in Axes
   347 | D        | Reached XP level 5. HP: 36/45 MP: 5/5
   386 | D        | Entered arena 3.
   392 | D        | Acquired Makhleb's second power
   395 | D        | Reached skill level 4 in Fighting
   395 | D        | Reached skill level 2 in Invocations
   400 | D        | Reached skill level 3 in Invocations
   519 | D        | Entered arena 4.
   519 | D        | Noticed a deep elf conjurer
   519 | D        | Noticed a deep elf mage
   519 | D        | Noticed a deep elf priest
   519 | D        | Noticed a deep elf mage
   523 | D        | Killed a deep elf mage
   523 | D        | Acquired Makhleb's third power
   523 | D        | Reached skill level 8 in Fighting
   523 | D        | Reached skill level 7 in Invocations
   523 | D        | Reached XP level 6. HP: 54/61 MP: 7/11
   525 | D        | Killed a deep elf mage
   525 | D        | Reached skill level 9 in Fighting
   525 | D        | Reached skill level 9 in Invocations
   525 | D        | Reached XP level 7. HP: 46/71 MP: 7/14
   526 | D        | HP: 1/71 [deep elf conjurer/bolt of cold (28)]
   541 | D        | Killed a deep elf conjurer
   541 | D        | Acquired Makhleb's fourth power
   541 | D        | Reached skill level 12 in Fighting
   541 | D        | Reached skill level 12 in Invocations
   541 | D        | Reached XP level 8. HP: 20/83 MP: 9/17
   542 | D        | Killed a deep elf priest
   542 | D        | Reached skill level 13 in Invocations
   793 | D        | Reached skill level 9 in Armour
   793 | D        | Reached XP level 9. HP: 92/92 MP: 18/18
   799 | D        | Entered arena 5.
   799 | D        | Noticed an orc priest
   799 | D        | Noticed an orc priest
   799 | D        | Noticed an orc priest
   799 | D        | Noticed an orc wizard
   801 | D        | Killed an orc priest
   801 | D        | Killed an orc priest
   801 | D        | Acquired Makhleb's fifth power
   801 | D        | Reached skill level 13 in Fighting
   806 | D        | Killed an orc wizard
   806 | D        | Killed an orc priest
   814 | D        | Entered arena 6.
   814 | D        | Noticed Sigmund
   814 | D        | Noticed Jessica
   814 | D        | Noticed Blork the orc
   814 | D        | Noticed Crazy Yiuf
   814 | D        | Noticed Dowan
   814 | D        | Noticed Duvessa
   820 | D        | Killed Duvessa
   821 | D        | Killed Jessica
   822 | D        | Killed Crazy Yiuf
   826 | D        | Killed Blork the orc
   826 | D        | Killed Sigmund
   826 | D        | Reached skill level 14 in Invocations
   828 | D        | Killed Dowan
   844 | D        | Entered arena 7.
   844 | D        | Noticed a jelly
   844 | D        | Noticed a shining eye
   844 | D        | Noticed a shining eye
   844 | D        | Noticed a jelly
   844 | D        | Noticed a slime creature
   844 | D        | Gained mutation: You are weak. (Str -2) [a shining eye]
   847 | D        | Killed a jelly
   849 | D        | Killed a slime creature
   850 | D        | Killed a jelly
   852 | D        | Killed a shining eye
   852 | D        | Reached skill level 14 in Fighting
   852 | D        | Gained mutation: Armour fits poorly on your strangely shaped body. [a shining eye]
   853 | D        | Killed a shining eye
   853 | D        | Reached skill level 15 in Invocations
   861 | D        | Entered arena 8.
   861 | D        | Noticed a toenail golem
   861 | D        | Noticed a toenail golem
   861 | D        | Noticed a toenail golem
   861 | D        | Noticed an earth elemental
   861 | D        | Noticed an earth elemental
   861 | D        | Noticed an earth elemental
   861 | D        | Noticed an earth elemental
   867 | D        | Killed an earth elemental
   868 | D        | Killed an earth elemental
   870 | D        | Killed a toenail golem
   870 | D        | Reached skill level 15 in Fighting
   870 | D        | Reached XP level 10. HP: 34/105 MP: 21/21
   872 | D        | Killed a toenail golem
   872 | D        | Reached skill level 16 in Invocations
   874 | D        | Killed a toenail golem
   875 | D        | Killed an earth elemental
   875 | D        | Killed an earth elemental
  1136 | D        | Entered arena 9.
  1136 | D        | Noticed a porcupine
  1136 | D        | Noticed a porcupine
  1136 | D        | Noticed a scorpion
  1136 | D        | Noticed a komodo dragon
  1136 | D        | Noticed an iguana
  1136 | D        | Noticed a spiny frog
  1140 | D        | Killed an iguana
  1141 | D        | Killed a porcupine
  1142 | D        | Killed a spiny frog
  1144 | D        | Killed a scorpion
  1150 | D        | Killed a porcupine
  1150 | D        | Reached skill level 16 in Fighting
  1151 | D        | Killed a komodo dragon
  1151 | D        | Reached skill level 17 in Invocations
  1170 | D        | Identified the Grimoire of Slavery (You found it in the Dungeon)
  1170 | D        | Identified the Grimoire of Slavery (You found it in the Dungeon)
  1180 | D        | Learned a level 9 spell: Tornado
  1227 | D        | Entered arena 10.
  1227 | D        | Noticed a yaktaur
  1227 | D        | Noticed a vault warden
  1227 | D        | Noticed a vault guard
  1227 | D        | Noticed a vault guard
  1227 | D        | Noticed a vault guard
  1227 | D        | Noticed a vault guard
  1227 | D        | Noticed a vault sentinel
  1227 | D        | Noticed a vault guard
  1228 | D        | Noticed a vampire mosquito
  1230 | D        | Killed a vampire mosquito
  1232 | D        | Killed a vault guard
  1232 | D        | Reached skill level 2 in Air Magic
  1234 | D        | Killed a yaktaur
  1234 | D        | Reached skill level 3 in Air Magic
  1239 | D        | Killed a vault guard
  1239 | D        | Reached skill level 17 in Fighting
  1239 | D        | Reached skill level 4 in Air Magic
  1241 | D        | Killed a vault guard
  1241 | D        | Reached skill level 5 in Air Magic
  1242 | D        | Killed a vault guard
  1242 | D        | Killed a vault guard
  1242 | D        | Reached skill level 18 in Fighting
  1242 | D        | Reached skill level 6 in Air Magic
  1242 | D        | Reached XP level 11. HP: 73/119 MP: 23/23
  1245 | D        | Killed a vault sentinel
  1252 | D        | Killed a vault warden
  1252 | D        | Reached skill level 7 in Air Magic
  1534 | D        | Entered arena 11.
  1534 | D        | Noticed a wyvern
  1534 | D        | Noticed a fire dragon
  1534 | D        | Noticed a swamp drake
  1534 | D        | Noticed a fire drake
  1534 | D        | Noticed a swamp dragon
  1535 | D        | Noticed a swamp drake
  1535 | D        | Noticed a death drake
  1536 | D        | Noticed a swamp drake
  1536 | D        | Noticed a mottled dragon
  1537 | D        | Noticed an ice dragon
  1538 | D        | Killed a wyvern
  1538 | D        | Killed a fire drake
  1538 | D        | Killed from afar by a fire dragon

Vanquished Creatures
  A vault warden (D)
  2 vault guards (D)
  A deep elf conjurer (D)
  A toenail golem (D)
  A spiny frog (D)
  A vault sentinel (D)
  A komodo dragon (D)
  A deep elf priest (D)
  2 deep elf magi (D)
  2 porcupines (D)
  Blork the orc (D)
  2 wights (D)
  A scorpion (D)
  An iron imp (D)
  3 orc priests (D)
  An orc wizard (D)
  An iguana (D)
  2 mummies (D)
  A white imp (D)
  An adder zombie (D)
  An orc (D)
  A jackal (D)
  A giant cockroach zombie (D)
  A quokka skeleton (D)
31 creatures vanquished.

Vanquished Creatures (collateral kills)
  3 vault guards (D)
  2 shining eyes (D)
  2 toenail golems (D)
  A yaktaur (D)
  A fire drake (D)
  A slime creature (D)
  Sigmund (D)
  A wyvern (D)
  A vampire mosquito (D)
  Duvessa (D)
  4 earth elementals (D)
  Dowan (D)
  2 jellies (D)
  Crazy Yiuf (D)
  Jessica (D)
  An ooze (D)
  A jackal (D)
25 creatures vanquished.

Grand Total: 56 creatures vanquished
